 Dungeon Crawl Stone Soup version 0.29.1-14-g9c671dbff4 (webtiles) character file.

Game seed: 5121776587718852509

37 Barneous the Charlatan (level 3, -2/26 HPs)
             Began as a Human Artificer on Feb 16, 2023.
             Slain by a gnoll
             ... wielding a +0 halberd
              (9 damage)
             ... on level 2 of the Dungeon.
             The game lasted 00:03:30 (1751 turns).

Barneous the Charlatan (Human Artificer)            Turns: 1751, Time: 00:03:31

Health: -2/26      AC:  4    Str: 12    XL:     3   Next: 60%
Magic:  3/3        EV: 11    Int: 13    God:
Gold:   71         SH:  0    Dex: 13    Spells: 2/2 levels left

rFire   . . .      SeeInvis .   h - +1 long sword (holy)
rCold   . . .      Faith    .   (no shield)
rNeg    . . .      Spirit   .   b - +0 leather armour
rPois   .          Reflect  .   (no helmet)
rElec   .          Harm     .   (no cloak)
rCorr   .          Rampage  .   a - +0 pair of gloves
Will    .....                   (no boots)
Stlth   ++........              (no amulet)
HPRegen 0.08/turn               (no ring)
MPRegen 0.08/turn               (no ring)

@: no status effects
A: no striking features
a: no special abilities


You were on level 2 of the Dungeon.
You visited 1 branch of the dungeon, and saw 2 of its levels.

You collected 71 gold pieces.

Inventory:

Hand Weapons
 h - a +1 long sword of holy wrath (weapon)
Armour
 a - a +0 pair of gloves (worn)
 b - a +0 leather armour (worn)
Wands
 c - a wand of flame (9) (quivered)
 d - a wand of charming (15)
 e - a wand of iceblast (5)


   Skills:
 + Level 1.6 Fighting
 + Level 2.3 Armour
 + Level 1.5 Dodging
 + Level 1.7 Stealth
 + Level 3.3 Evocations


You had 2 spell levels left.
You didn't know any spells.
Your spell library was empty.

Dungeon Overview and Level Annotations

Branches:
Dungeon (2/15)

Altars:


Message History

The bat hits you but does no damage. The kobold hits you but does no damage.
The gnoll barely misses you.
The kobold throws a stone.
The stone hits you but does no damage. The bat hits you.
Aiming: Throw Flame
Press: ? - help, Q - select action, (/) - cycle Shift-Dir - straight line, f - gnoll
Aim: a gnoll, wielding a +0 halberd (75% to hit)
The puff of flame hits the gnoll!
The gnoll is severely wounded.
The bat closely misses you. The kobold barely misses you.
The hobgoblin barely misses you. The gnoll closely misses you.
The bat misses you.
You hit the kobold but do no damage. The bat hits you but does no damage.
The kobold hits you but does no damage. The kobold hits you with a +0 whip.
The gnoll completely misses you. The hobgoblin hits you.
The gnoll barely misses you. The hobgoblin barely misses you.
The kobold closely misses you. The kobold hits you with a +0 whip.
* * * LOW HITPOINT WARNING * * *
Aiming: Throw Flame
Press: ? - help, Q - select action, (/) - cycle Shift-Dir - straight line, f/p - gnoll
Aim: a gnoll, wielding a +0 halberd (heavily wounded, 75% to hit)
The puff of flame misses the kobold.
The puff of flame misses the gnoll.
The bat hits you but does no damage. The kobold hits you but does no damage.
The hobgoblin hits you but does no damage.
The gnoll hits you but does no damage. The kobold barely misses you.
Aiming: Throw Flame
Press: ? - help, Q - select action, (/) - cycle Shift-Dir - straight line, f/p - gnoll
Aim: a gnoll, wielding a +0 halberd (heavily wounded, 75% to hit)
The puff of flame hits the kobold!
You kill the kobold!
The bat misses you. The bat hits you but does no damage.
The hobgoblin hits you but does no damage.
The kobold barely misses you. The gnoll barely misses you.
Aiming: Throw Flame
Press: ? - help, Q - select action, (/) - cycle Shift-Dir - straight line, f/p - gnoll
Aim: a gnoll, wielding a +0 halberd (heavily wounded, 75% to hit)
The puff of flame misses the gnoll.
The bat barely misses you. x2; The bat hits you but does no damage.
The hobgoblin closely misses you. The kobold hits you but does no damage.
The gnoll hits you from afar with a +0 halberd!
You die...

. ......... . .........
.##.......... #
............ .. #......
.....# #. .g..###..#..##
##! #)K........... #.($
#@g............
#..#b.......#..#..
##..###................
####................#..###
#.........+...............
#.##..#####.........##..
#####.##..# ##+#####..#
..........# #.#####..#
#####.##..# #........#


You could see a gnoll, a hobgoblin, a bat and a kobold.

Vanquished Creatures
  2 dart slugs (D:2)
  3 endoplasms
  5 giant cockroaches (D:1)
  4 goblins
  2 hobgoblins (D:2)
  3 ball pythons (D:1)
  3 bats (D:1)
  4 frilled lizards
  4 kobolds
30 creatures vanquished.

Notes
Turn   | Place    | Note
-------+----------+-------------------------------------------
     0 | D:1      | Barneous the Human Artificer began the quest for the Orb.
     0 | D:1      | Reached XP level 1. HP: 15/15 MP: 1/1
    91 | D:1      | Reached XP level 2. HP: 10/21 MP: 2/2
   921 | D:1      | Reached XP level 3. HP: 18/26 MP: 3/3
  1751 | D:2      | Slain by a gnoll

Illustrated notes

Levels and vault maps discovered:
D:1:      nzn_arrival_crosshair, layout_basic
D:2:      layout_basic, nicolae_ecumenical_oubliette, minmay_tetromino_t4

Action                   || total
-------------------------++-------
Melee: Club              ||    20
       Dagger            ||    51
       Punch             ||     1
       Short sword       ||    21
       Long sword        ||     5
       Whip              ||     1
Evoke: Wand              ||     6
  Use: Potion            ||     2
       Scroll            ||     1
 Stab: Sleeping          ||     2
Armor: Leather armour    ||    41
Dodge: Dodged            ||    75
